AoeStats
← Eugenius

Arena

508294759Analyzed
4v4 RM · 10d ago on Sep 21, 2026· 62m 56s· 8 players
Game mode
Random Map
Map size
Large (8 player)
Population
200
Speed
Normal
Resources
Standard
Victory
Conquest
Starting age
Dark Age
Ending age
Imperial Age
RankedLock teamsTeams togetherTeam positionsShared explorationLock speedFull tech treeHidden civsTurbo modeCheats
Victory
Defeat
🇦🇷 Bengalis · Argentina
1737
+14
🇭🇰 Bulgarians · Hong Kong SAR China
1601
+20
🇪🇸 Wei · Spain
1579
+21
🇺🇸 Wu · United States
1493
+23
🇺🇸 Italians · United States
1757
-22
🇲🇽 Gurjaras · Mexico
1699
-20
🇵🇪 Spanish · Peru
1676
-19
🇲🇽 Berbers · Mexico
1608
-17
KaLong
11:03 Feudal Age
11:43 Loom
14:38 Castle Age
13:00 Fletching
13:14 Double-Bit Axe
15:37 Bodkin Arrow
21:50 Bow Saw
23:26 Loom
23:51 Padded Archer Armor
26:58 Ballistics
28:42 Leather Archer Armor
32:32 Wheelbarrow
TandemTooth
4:10 Loom
11:23 Feudal Age
12:22 Double-Bit Axe
15:19 Castle Age
16:36 Bow Saw
16:31 Town Watch
32:59 Wheelbarrow
37:08 Husbandry
40:17 Imperial Age
38:04 Bloodlines
38:00 Scale Barding Armor
38:06 Forging
37:52 Gold Mining
38:56 Hand Cart
39:28 Chain Barding Armor
39:20 Horse Collar
40:25 Heavy Hei Guang Cavalry
44:40 Iron Casting
51:42 Heavy Plow
54:58 Masonry
56:40 Gold Shaft Mining
59:30 Crop Rotation
59:21 Stone Mining
63:30 Blast Furnace
Cr0mo
11:20 Feudal Age
12:27 Double-Bit Axe
12:29 Horse Collar
14:56 Castle Age
16:07 Bow Saw
18:25 Gold Mining
19:25 Sanctity
22:57 Heavy Plow
26:48 Wheelbarrow
30:26 Imperial Age
28:36 Fervor
28:29 Loom
29:30 Fletching
30:14 Bodkin Arrow
31:08 Bracer
31:45 Hand Cart
32:16 Ballistics
32:57 Chemistry
33:20 Two-Man Saw
32:26 Padded Archer Armor
34:59 Siege Elephant
36:38 Leather Archer Armor
36:49 Paiks
37:50 Ring Archer Armor
37:14 Elite Elephant Archer
38:29 Conscription
42:32 Mahayana
43:35 Coinage
45:06 Siege Engineers
45:12 Masonry
45:35 Banking
48:31 Architecture
47:41 Treadmill Crane
56:09 Husbandry
56:20 Bloodlines
56:43 Guilds
60:34 Spies/Treason
Morris=w=
4:55 Loom
11:09 Feudal Age
15:00 Castle Age
13:28 Double-Bit Axe
13:55 Horse Collar
16:27 Bow Saw
21:57 Town Watch
22:12 Loom
24:53 Wheelbarrow
24:59 Heavy Plow
25:17 Gold Mining
39:26 Husbandry
39:36 Bloodlines
41:16 Stone Mining
41:34 Scale Barding Armor
42:29 Forging
43:11 Fletching
43:39 Light Cavalry
47:06 Squires
48:41 Hand Cart
50:08 Chain Barding Armor
50:51 Pikeman
53:40 Gold Shaft Mining
55:36 Imperial Age
53:58 Scale Mail Armor
54:33 Iron Casting
55:37 Capped Ram
56:52 Halberdier
58:45 Crop Rotation
58:40 Town Patrol
58:49 Siege Ram
58:51 Onager
60:24 Spies/Treason
quesarito
8:03 Feudal Age
8:33 Double-Bit Axe
19:17 Castle Age
17:29 Horse Collar
18:08 Fletching
19:07 Padded Archer Armor
20:38 Bodkin Arrow
20:44 Crossbowman
23:19 Wheelbarrow
23:51 Heavy Plow
24:06 Bow Saw
24:29 Ballistics
24:57 Bow Saw
26:27 Thumb Ring
28:41 Heavy Plow
29:11 Fortified Wall
34:12 Imperial Age
32:11 Gold Mining
33:55 Leather Archer Armor
35:01 Bracer
36:03 Chemistry
35:48 Hand Cart
35:29 Loom
36:28 Ring Archer Armor
36:04 Arbalester
37:28 Elite Skirmisher
38:45 Crop Rotation
42:06 Two-Man Saw
47:56 Stone Mining
César UAM
10:55 Feudal Age
11:55 Double-Bit Axe
14:23 Castle Age
14:36 Scale Barding Armor
22:00 Light Cavalry
23:00 Husbandry
29:24 Wheelbarrow
30:09 Chain Barding Armor
32:08 Bloodlines
32:10 Forging
33:39 Gold Mining
34:36 Loom
42:22 Hand Cart
44:55 Imperial Age
42:58 Horse Collar
43:35 Bow Saw
45:06 Heavy Camel Rider
46:22 Plate Barding Armor
46:23 Iron Casting
49:51 Blast Furnace
53:52 Town Watch
§Y¶# Ä
5:12 Loom
8:42 Feudal Age
15:09 Castle Age
14:02 Double-Bit Axe
18:12 Horse Collar
20:34 Husbandry
22:53 Scale Barding Armor
22:59 Forging
38:11 Chain Barding Armor
40:12 Iron Casting
42:15 Fortified Wall
42:16 Masonry
Eugenius
9:50 Feudal Age
14:06 Castle Age
12:59 Loom
39:30 Husbandry
39:41 Bloodlines
Connection lost

Rejoining the realm…

Still unreachable

The connection could not be restored.

Session expired

The server has moved on; the page needs a fresh start.